 Dungeon Crawl Stone Soup version 0.22-a0-406-g9ff8d77 (webtiles) character file.

125850 dstrtnsr the Severer (level 16, -6/226 HPs)
             Began as a Minotaur Berserker on May 9, 2018.
             Was an Elder of Trog.
             Killed by the air
             ... invoked by a wind drake
              (15 damage)
             ... on level 2 of the Shoals.
             The game lasted 00:28:59 (21272 turns).

dstrtnsr the Severer (Minotaur Berserker)          Turns: 21272, Time: 00:29:00

Health: -6/226     AC: 23    Str: 34    XL:     16   Next: 12%
Magic:  15/15      EV: 12    Int:  4    God:    Trog [****..]
Gold:   946        SH: 20    Dex: 10    Spells: 15/15 levels left

rFire    + . .     SeeInvis .   O - +0 broad axe (flame)
rCold    . . .     Gourm    .   k - +0 large shield
rNeg     . . .     Faith    .   v - +0 plate armour
rPois    +         Spirit   .   (helmet restricted)
rElec    .         Reflect  .   x - +2 cloak
rCorr    .         Harm     .   (no gloves)
MR       +++..                  S - +1 pair of boots {Fly}
Stlth    ..........             N - amulet of regeneration
HPRegen  1.87/turn              p - ring of poison resistance
MPRegen  0.14/turn              f - ring of protection from fire

@: berserking (expiring), lethally poisoned (-6 -> -6), barbed spikes, flying,
very slightly contaminated, regenerating, very quick
A: retaliatory headbutt, horns 2
}: 1/15 runes: gossamer
a: Berserk, Trog's Hand, Brothers in Arms, Renounce Religion, Stop Flying


You were on level 2 of the Shoals.
You worshipped Trog.
Trog was greatly pleased with you.
You were hungry.

You visited 5 branches of the dungeon, and saw 29 of its levels.

You collected 1291 gold pieces.
You spent 345 gold pieces at shops.

Inventory:

Hand Weapons
 O - a +0 broad axe of flaming (weapon)
 U - a +1 battleaxe of chopping
 W - a +0 executioner's axe of draining
Missiles
 G - 2 throwing nets (quivered)
Armour
 k - a +0 large shield (worn)
 v - a +0 plate armour (worn)
 x - a +2 cloak (worn)
 A - a +0 chain mail of fire resistance
 S - a +1 pair of boots of flying (worn)
 T - +0 fire dragon scales
Jewellery
 f - a ring of protection from fire (right hand)
 i - an uncursed ring of see invisible
 p - a ring of poison resistance (left hand)
 K - an uncursed ring of positive energy
 N - an amulet of regeneration (around neck)
Wands
 C - a wand of acid (23)
 H - a wand of scattershot (5)
 I - a wand of iceblast (10)
 M - a wand of polymorph (38)
 P - a wand of paralysis (33)
 V - a wand of digging (11)
 X - a wand of clouds (3)
Scrolls
 b - 3 scrolls of enchant weapon
 l - 3 scrolls of magic mapping
 q - 3 scrolls of immolation
 s - a scroll of teleportation {!d}
 y - 5 scrolls of remove curse {@r2}
 R - 2 scrolls of identify {@r1}
Potions
 a - a potion of magic
 d - 3 potions of ambrosia
 j - 2 potions of flight
 m - 2 potions of lignification
 n - 2 potions of agility
 r - 2 potions of mutation
 t - 3 potions of berserk rage
 w - 3 potions of curing {@q1}
 z - 2 potions of cancellation
 B - a potion of haste
 E - a potion of resistance
 F - 2 potions of might
 J - 5 potions of brilliance
Miscellaneous
 h - a lamp of fire (inert)
 u - a phial of floods
 D - a box of beasts
Comestibles
 e - 35 rations {!d}


   Skills:
 - Level 16.2 Fighting
 - Level 18.0 Axes
 - Level 15.6 Armour
 - Level 14.3 Dodging
 * Level 10.2 Shields


You had 15 spell levels left.
You didn't know any spells.

Dungeon Overview and Level Annotations

Branches:
Dungeon (15/15)            Temple (1/1) D:4            Lair (6/6) D:9
 Shoals (3/4) Lair:4       Spider (4/4) Lair:3        Slime (0/5) Lair:5
 Vaults (0/5) D:14         Depths (0/5) D:15
    Orc: D:9-12

Altars:
Ashenzari
Cheibriados
Elyvilon
Fedhas
Hepliaklqana
Kikubaaqudgha
Nemelex Xobeh
Qazlal
Sif Muna
Vehumet
The Shining One
Beogh

Shops:
D:9 !

Annotations:
Shoals:2 Jorgrun, Louise
Spider:4 exclusion: Roxanne, Roxanne


Innate Abilities, Weirdness & Mutations

You reflexively headbutt those who attack you in melee.
You have a pair of horns on your head.


Message History

You are too injured to fight recklessly!
You are too injured to fight recklessly!
You are too injured to fight recklessly!
You are too injured to fight recklessly!
You are too injured to fight recklessly!
Your shield and plate armour prevent you from hitting the sea snake.
The sea snake is lightly wounded.
Your ogre hits the sea snake with a giant club!
Unknown command.
You catch the helpless sea snake completely off-guard!
You slash the sea snake! You burn the sea snake. You headbutt the sea snake!
The sea snake is severely wounded.
The sea snake bites you.
* * * LOW HITPOINT WARNING * * *
The wind drake bites your ogre!
Your ogre barely misses the sea snake.
Unknown command.
You slice the sea snake!! You burn the sea snake!
You kill the sea snake!
Trog accepts your kill.
Unknown command.
A wraith comes into view.
Your ogre misses the wind drake. You block Louise's attack.
The wind drake bites your ogre!
Unknown command.
You feel a strong urge to attack something.
Your ogre misses the wind drake.
Louise hits you with a demon trident of venom.
* * * LOW HITPOINT WARNING * * *
You are poisoned.
Unknown command.
You slice Louise!! You burn Louise.
Louise is moderately wounded.
You feel sick.
The wind drake exhales a fierce blast of wind!
You are blown backwards!
Louise is blown away by the wind.
Unknown command.
You feel sick.
Your ogre closely misses the wind drake.
Unknown command.
You feel a strong urge to attack something.
Louise gestures at you while chanting. The sting hits you! You resist.
Unknown command.
You slice the wraith!! You burn the wraith!
You destroy the wraith!
Trog accepts your kill. Louise blocks your attack.
You slash Jorgrun! You burn Jorgrun.
You feel the effects of Trog's Hand fading.
Your ogre misses the wind drake.
The manticore flicks its tail.
You block the volley of spikes.
Unknown command.
You miss Jorgrun. You headbutt Jorgrun.
Jorgrun is lightly wounded.
You slash Louise! You burn Louise.
You feel sick. Louise closely misses you.
Jorgrun points at you and mumbles some strange words.
You resist with almost no effort.
Your ogre closely misses the wind drake.
Unknown command.
You barely miss Jorgrun. Your headbutt misses Jorgrun.
Jorgrun is lightly wounded.
Louise blocks your attack. The wind drake flaps its wings at you.
The air twists around and violently strikes you in flight!
* * * LOW HITPOINT WARNING * * *
Louise mumbles some strange words.
Louise blinks!
Unknown command.
You barely miss Jorgrun. You headbutt Jorgrun!
Jorgrun is moderately wounded.
You slice the manticore!! You burn the manticore!
You kill the manticore!
Trog accepts your kill.
You feel sick.
Your ogre completely misses the wind drake.
The wind drake flaps its wings at you.
The air twists around and violently strikes you in flight!
* * * LOW HITPOINT WARNING * * *
You block Jorgrun's attack.
Unknown command.
You slice Jorgrun!! You burn Jorgrun!
Jorgrun is severely wounded.
Your ogre closely misses the wind drake.
The manticore flicks its tail.
The volley of spikes hits you!
The barbed spikes become lodged in your body.
* * * LOW HITPOINT WARNING * * *
Unknown command.
You slice Jorgrun!! You burn Jorgrun! Your headbutt misses Jorgrun.
Jorgrun is almost dead.
Jorgrun casts a spell at you. You resist with almost no effort.
Unknown command.
Your shield and plate armour prevent you from hitting Jorgrun.
Your headbutt misses Jorgrun.
Jorgrun is almost dead.
You feel sick. The wind drake flaps its wings at you.
The air twists around and violently strikes you in flight!
You die...

≈≈≈≈≈≈.≈≈≈≈≈≈≈..
≈≈≈≈≈≈≈.≈≈≈≈≈≈.## ≈≈
≈≈≈≈≈≈≈≈≈...≈≈..##≈≈
≈≈≈≈≈≈≈≈≈≈..≈≈≈...≈≈
≈≈≈≈≈≈≈..# #.≈≈...≈≈
≈≈≈≈≈≈≈(.###..≈...≈≈
≈≈≈≈≈≈≈≈......≈≈≈≈≈≈
≈≈≈≈≈≈≈≈≈O......≈≈≈≈
≈≈≈≈≈≈≈≈≈.k.@.###.≈≈
≈≈≈≈≈≈≈≈≈≈...g#
≈≈≈≈≈≈≈≈≈≈≈.H.##
≈≈≈≈≈≈≈≈≈≈..#..## ...≈
≈≈≈≈≈≈≈≈≈@..#..$##..≈≈
≈≈≈≈≈≈≈≈............≈≈
≈≈≈≈≈≈≈####. ..≈...≈≈≈
≈≈≈≈≈≈. .. .≈≈≈≈≈≈≈≈
≈≈≈≈≈.. ##.≈..≈≈≈≈


You could see Jorgrun, Louise, a wind drake, a manticore and a friendly ogre
(berserk).

Vanquished Creatures
  Arachne (Spider:4)
  Rupert (D:13)
  2 ghost moths (Spider:4)
  An emperor scorpion (Spider:1)
  4 entropy weavers
  The ghost of p0werm0de the Cleaver, a journeyman VSFi of Makhleb (Spider:1)
  4 spark wasps (Spider:4)
  A merfolk impaler (Shoals:3)
  A fire dragon (D:15)
  Harold (Lair:2)
  A yaktaur captain (D:15)
  5 hydras
  A merfolk aquamancer (Shoals:1)
  3 centaur warriors
  The ghost of tstbtto the Cleaver, a novice MiFi of Cheibriados (D:9)
  A catoblepas (Lair:5)
  4 two-headed ogres
  A queen ant (Lair:4)
  Sonja (D:13)
  2 sea snakes
  3 unseen horrors
  A harpy (Shoals:3)
  5 orb spiders
  16 wolf spiders
  3 fauns (Shoals:1)
  4 cyclopes
  5 ugly things (D:14)
  2 deep elf magi (D:14)
  4 manticores
  6 elephants
  2 moths of wrath (Spider:4)
  3 black mambas
  3 merfolk sirens
  3 centaur zombies
  A torpor snail (Spider:4)
  2 gargoyles (D:13)
  4 rime drakes
  2 spiny frogs
  A kobold demonologist (D:14)
  7 demonic crawlers
  2 komodo dragons
  2 trolls (D:14)
  A yaktaur (D:15)
  A queen bee (D:9)
  4 polar bears
  7 merfolk
  20 jumping spiders
  2 wind drakes (Shoals:3)
  Grinder (D:5)
  6 hornets
  2 snapping turtles (Shoals:1)
  A harpy skeleton (D:15)
  6 slime creatures
  6 hippogriffs
  18 blink frogs
  A blink frog (shapeshifter) (D:14)
  10 dream sheep
  50 redbacks
  3 water elementals (Shoals:1)
  A spriggan (Lair:2)
  A shadow (D:14)
  A wyvern (D:10)
  2 hogs (D:10)
  A wraith (Shoals:2)
  21 tarantellas
  4 basilisks
  8 yaks
  A human (D:10)
  2 hungry ghosts
  Menkaure (D:4)
  An acid dragon (D:15)
  25 soldier ants (Lair:4)
  10 water moccasins
  An ice beast (D:8)
  3 porcupines
  4 black bears
  A hornet zombie (D:15)
  3 sky beasts
  An eye of draining (D:10)
  A phantom (D:5)
  10 orc warriors
  18 wolves
  6 ogres
  11 centaurs
  6 crocodiles
  Blork the orc (D:6)
  3 big kobolds
  15 bullfrogs
  2 scorpions
  28 killer bees
  An electric eel (Spider:2)
  5 howler monkeys
  3 bullfrog zombies
  2 crimson imps
  6 hounds
  5 jellies
  A quasit (D:8)
  9 orc priests
  14 orc wizards
  3 centaur skeletons
  26 worker ants
  A hound skeleton (D:12)
  A worker ant zombie (D:10)
  A howler monkey zombie (D:8)
  10 gnolls
  13 adders
  3 shadow imps
  4 oozes
  2 adder skeletons
  3 dart slugs
  3 worms
  6 leopard geckos
  57 orcs
  A ball python (D:7)
  6 giant cockroaches
  4 goblins
  7 hobgoblins
  11 jackals
  5 quokkas
  7 bats
  7 frilled lizards
  12 kobolds
  A leopard gecko skeleton (D:4)
  A quokka skeleton (D:4)
  A quokka zombie (D:6)
  3 rats
  2 fungi
  A plant (Lair:4)
698 creatures vanquished.

Vanquished Creatures (collateral kills)
  An entropy weaver (Spider:1)
  A hydra (Lair:4)
  A merfolk avatar (Shoals:1)
  A centaur warrior (D:13)
  A lindwurm (Lair:6)
  2 orb spiders
  A manticore (Shoals:3)
  2 fauns (Shoals:1)
  8 elephants
  A black mamba (Lair:4)
  A spiny frog (Lair:4)
  A demonic crawler (Spider:4)
  2 jumping spiders
  A troll (D:13)
  3 meliai (Spider:4)
  A merfolk (Shoals:3)
  A wind drake (Shoals:1)
  A slime creature (D:13)
  2 hippogriffs
  8 redbacks
  3 tarantellas
  A yak (D:13)
  A water moccasin (Lair:4)
  2 crocodiles (Lair:6)
  A hound (D:13)
  A plant (Lair:6)
49 creatures vanquished.

Vanquished Creatures (others)
  A spiny frog (Lair:5)
  A jumping spider (Spider:4)
  An orc (D:11)
  A quokka (D:4)
  2 butterflies (Lair:5)
  9 fungi
  4 plants
19 creatures vanquished.

Grand Total: 766 creatures vanquished

Notes
Turn   | Place    | Note
-------+----------+-------------------------------------------
     0 | D:1      | dstrtnsr the Minotaur Berserker began the quest for the Orb.
     0 | D:1      | Reached XP level 1. HP: 19/19 MP: 0/0
   106 | D:1      | Reached skill level 4 in Axes
   125 | D:1      | Reached XP level 2. HP: 27/27 MP: 1/1
   193 | D:2      | Reached XP level 3. HP: 31/33 MP: 2/2
   194 | D:2      | Reached ** piety under Trog
   252 | D:2      | Reached skill level 5 in Axes
   595 | D:2      | Found a glowing golden altar of the Shining One.
   743 | D:3      | Reached XP level 4. HP: 41/41 MP: 3/3
   820 | D:3      | HP: 16/41 [shadow imp/nerve-wracking pain (9)]
   832 | D:3      | HP: 16/41 [jackal (2)]
  1355 | D:4      | Reached skill level 6 in Axes
  1357 | D:4      | Reached XP level 5. HP: 47/47 MP: 4/4
  1497 | D:4      | Reached skill level 5 in Fighting
  1513 | D:4      | Noticed Menkaure
  1536 | D:4      | Found a staircase to the Ecumenical Temple.
  1544 | D:4      | HP: 18/48 [gnoll/halberd (13)]
  1545 | Temple   | Entered the Ecumenical Temple
  1549 | Temple   | Reached *** piety under Trog
  1886 | D:4      | Reached skill level 7 in Axes
  1886 | D:4      | Reached XP level 6. HP: 56/56 MP: 5/5
  1904 | D:4      | Killed Menkaure
  2131 | D:4      | Found a white marble altar of Elyvilon.
  2226 | D:4      | Reached skill level 8 in Axes
  2390 | D:5      | Entered Level 5 of the Dungeon
  2495 | D:5      | Reached XP level 7. HP: 63/63 MP: 6/6
  2576 | D:5      | Noticed Grinder
  2581 | D:5      | Paralysed by Grinder for 2 turns
  2585 | D:5      | Paralysed by Grinder for 2 turns
  2590 | D:5      | Killed Grinder
  2599 | D:5      | Reached skill level 9 in Axes
  2672 | D:5      | Found a sparkling altar of Nemelex Xobeh.
  3230 | D:5      | Reached XP level 8. HP: 73/73 MP: 7/7
  3499 | D:6      | Noticed Blork the orc
  3501 | D:6      | Reached **** piety under Trog
  3505 | D:6      | Reached skill level 10 in Axes
  3507 | D:6      | Killed Blork the orc
  3823 | D:6      | Reached skill level 11 in Axes
  4107 | D:6      | Found a shattered altar of Ashenzari.
  4107 | D:6      | Found a snail-covered altar of Cheibriados.
  4107 | D:6      | Found a radiant altar of Vehumet.
  4109 | D:6      | Found a stormy altar of Qazlal.
  4111 | D:6      | Found a deep blue altar of Sif Muna.
  4883 | D:7      | Found a transporter.
  4940 | D:7      | Found a roughly hewn altar of Beogh.
  4947 | D:7      | Noticed a two-headed ogre
  4947 | D:7      | Reached XP level 9. HP: 82/82 MP: 8/8
  4957 | D:7      | Reached skill level 12 in Axes
  4962 | D:7      | Killed a two-headed ogre
  4974 | D:7      | Found a transporter.
  5146 | D:7      | Reached skill level 13 in Axes
  5222 | D:8      | Reached ***** piety under Trog
  5228 | D:8      | Reached skill level 10 in Fighting
  5246 | D:8      | HP: 31/85 [killer bee (7)]
  5250 | D:8      | HP: 14/85 [killer bee (6)]
  5255 | D:8      | HP: 26/85 [poisoned by a killer bee]
  5260 | D:8      | HP: 21/85 [poisoned by a killer bee]
  5265 | D:8      | HP: 20/85 [poisoned by a killer bee]
  5270 | D:8      | HP: 21/85 [poisoned by a killer bee]
  5275 | D:8      | HP: 23/85 [poisoned by a killer bee]
  5281 | D:8      | HP: 28/85 [poisoned by a killer bee]
  5287 | D:8      | HP: 33/85 [poisoned by a killer bee]
  5291 | D:8      | Got an ichor-stained war axe
  5292 | D:8      | Identified the +6 war axe of a wizard's laboratory {protect, rElec rC++ Int-2 SInv} (You found it on level 8 of the Dungeon)
  5843 | D:8      | Found a blossoming altar of Fedhas.
  5956 | D:8      | Reached XP level 10. HP: 94/94 MP: 9/9
  6172 | D:8      | Reached skill level 14 in Axes
  6267 | D:9      | Found a staircase to the Lair.
  6465 | D:9      | HP: 37/94 [poisoned by a killer bee]
  6470 | D:9      | HP: 30/94 [poisoned by a killer bee]
  6475 | D:9      | HP: 28/94 [poisoned by a killer bee]
  6482 | D:9      | HP: 28/94 [poisoned by a killer bee]
  6489 | D:9      | HP: 28/94 [poisoned by a killer bee]
  7041 | D:9      | Reached skill level 15 in Axes
  7041 | D:9      | HP: 36/96 [poisoned by a killer bee]
  7046 | D:9      | HP: 21/96 [poisoned by a killer bee]
  7051 | D:9      | HP: 18/96 [poisoned by a killer bee]
  7056 | D:9      | HP: 21/96 [poisoned by a killer bee]
  7062 | D:9      | HP: 19/96 [poisoned by a killer bee]
  7068 | D:9      | HP: 22/96 [poisoned by a killer bee]
  7076 | D:9      | HP: 30/96 [poisoned by a killer bee]
  7335 | D:9      | Noticed a two-headed ogre
  7342 | D:9      | Killed a two-headed ogre
  7529 | D:9      | Found Jathrebao's Distillery.
  7535 | D:9      | Bought 2 potions of heal wounds for 150 gold pieces
  7535 | D:9      | Bought a potion of resistance for 150 gold pieces
  7535 | D:9      | Bought a potion of curing for 45 gold pieces
  7570 | Lair:1   | Entered Level 1 of the Lair of Beasts
  7570 | Lair:1   | Found a white marble altar of Elyvilon.
  7637 | D:9      | Paralysed by a hornet for 1 turns
  7818 | Lair:1   | Reached XP level 11. HP: 94/104 MP: 10/10
  8069 | Lair:1   | HP: 37/104 [blink frog (15)]
  8521 | Lair:1   | Noticed a six-headed hydra
  8529 | Lair:1   | Killed a ten-headed hydra
  8697 | Lair:1   | Noticed a seven-headed hydra
  8705 | Lair:1   | Killed a ten-headed hydra
  8705 | Lair:1   | Reached skill level 5 in Armour
  8869 | Lair:2   | Reached skill level 5 in Dodging
  8991 | Lair:2   | Reached skill level 16 in Axes
  9011 | Lair:2   | HP: 41/105 [blink frog (4)]
  9016 | Lair:2   | HP: 34/105 [spriggan/short sword (9)]
  9724 | Lair:2   | Noticed Harold
  9735 | Lair:2   | Killed Harold
 10388 | Lair:3   | Found a hole to the Spider Nest.
 10403 | Lair:3   | Reached XP level 12. HP: 99/113 MP: 11/11
 10721 | Lair:3   | Noticed a seven-headed hydra
 10731 | Lair:3   | Killed a 12-headed hydra
 10895 | Lair:4   | Noticed an eight-headed hydra
 10905 | Lair:4   | HP: 44/115 [12-headed hydra (5)]
 10909 | Lair:4   | Killed a 12-headed hydra
 11218 | Lair:4   | Noticed an entropy weaver
 11221 | Lair:4   | Noticed a queen ant
 11224 | Lair:4   | Killed an entropy weaver
 11246 | Lair:4   | Killed a queen ant
 11248 | Lair:4   | Noticed an entropy weaver
 11386 | Lair:5   | Reached skill level 10 in Armour
 11611 | Lair:5   | Received a gift from Trog
 11786 | Lair:5   | Noticed a catoblepas
 11792 | Lair:5   | Killed a catoblepas
 11891 | Lair:5   | Found a staircase to the Slime Pits.
 12178 | Lair:5   | Reached XP level 13. HP: 122/122 MP: 12/12
 12370 | Lair:5   | Reached skill level 10 in Dodging
 12744 | Lair:6   | Entered Level 6 of the Lair of Beasts
 12986 | Lair:6   | Reached skill level 17 in Axes
 13042 | Lair:4   | Killed an entropy weaver
 13648 | Lair:4   | Found a staircase to the Shoals.
 13719 | Lair:4   | Found a deep blue altar of Sif Muna.
 13880 | D:6      | Found an ancient bone altar of Kikubaaqudgha.
 13936 | D:9      | Noticed tstbtto's ghost (novice MiFi)
 13943 | D:9      | Killed tstbtto's ghost
 13947 | D:10     | Entered Level 10 of the Dungeon
 14808 | D:11     | Received a gift from Trog
 14857 | D:11     | Reached ****** piety under Trog
 14916 | D:12     | Got a brightly glowing ivory ring
 14921 | D:12     | Identified the ring "Itzemaj" {rN+ MR- EV+2 Slay+2} (You found it on level 12 of the Dungeon)
 15142 | D:13     | Found a hazy altar of Hepliaklqana.
 15217 | D:13     | Noticed Rupert
 15233 | D:13     | Killed Rupert
 15437 | D:13     | Noticed Sonja
 15442 | D:13     | HP: 46/125 [asphyx]
 15483 | D:13     | Reached XP level 14. HP: 104/133 MP: 13/13
 15792 | D:13     | Killed Sonja
 15813 | D:14     | Received a gift from Trog
 16198 | D:14     | Found a gate to the Vaults.
 16394 | D:15     | Entered Level 15 of the Dungeon
 16438 | D:15     | HP: 50/133 [slime creature (6)]
 16441 | D:15     | HP: 17/133 [large slime creature (26)]
 16442 | D:15     | HP: 2/133 [two-headed ogre/giant club (8)]
 16447 | D:15     | HP: 5/133 [two-headed ogre/giant club (22)]
 16452 | D:15     | HP: 44/133 [two-headed ogre/giant club (3)]
 16688 | D:15     | HP: 52/133 [centaur warrior/arrow (18)]
 16956 | D:15     | Found a staircase to the Depths.
 16962 | D:15     | HP: 45/133 [yaktaur captain (13)]
 16965 | D:15     | HP: 19/133 [yaktaur captain (11)]
 17391 | Spider:1 | Entered Level 1 of the Spider Nest
 17422 | Spider:1 | Noticed an entropy weaver
 17423 | Spider:1 | HP: 50/133 [entropy weaver (7)]
 17425 | Spider:1 | HP: 20/133 [redback (9)]
 17431 | Spider:1 | HP: 51/133 [entropy weaver (4)]
 17434 | Spider:1 | Killed an entropy weaver
 17436 | Spider:1 | HP: 34/133 [redback (9)]
 17442 | Spider:1 | HP: 35/133 [poisoned by a redback]
 17603 | Spider:1 | Noticed p0werm0de's ghost (journeyman VSFi)
 17604 | Spider:1 | Noticed an emperor scorpion
 17612 | Spider:1 | Killed p0werm0de's ghost
 17622 | Spider:1 | Killed an emperor scorpion
 17689 | Spider:1 | Reached skill level 15 in Fighting
 17739 | Spider:1 | Identified 2 scrolls of acquirement
 18104 | Spider:2 | Reached skill level 18 in Axes
 18452 | Spider:4 | Entered Level 4 of the Spider Nest
 18452 | Spider:4 | Noticed an entropy weaver
 18472 | Spider:3 | Killed an entropy weaver
 18540 | Spider:4 | Reached XP level 15. HP: 141/141 MP: 14/14
 18805 | Spider:4 | Noticed Roxanne
 18874 | Spider:4 | Received a gift from Trog
 18911 | Spider:4 | HP: 56/141 [poisoned by a wolf spider]
 18916 | Spider:4 | HP: 54/141 [poisoned by a wolf spider]
 18921 | Spider:4 | HP: 55/141 [poisoned by a wolf spider]
 19006 | Spider:4 | Received a gift from Trog
 19010 | Spider:4 | Reached skill level 15 in Armour
 19233 | Spider:4 | HP: 56/143 [redback (2)]
 19236 | Spider:4 | HP: 20/143 [wolf spider (10)]
 19241 | Spider:4 | HP: 27/143 [poisoned by a wolf spider]
 19246 | Spider:4 | HP: 28/143 [poisoned by a wolf spider]
 19253 | Spider:4 | HP: 30/143 [poisoned by a wolf spider]
 19260 | Spider:4 | HP: 33/143 [poisoned by a wolf spider]
 19268 | Spider:4 | HP: 37/143 [poisoned by a wolf spider]
 19290 | Spider:4 | Noticed Arachne
 19290 | Spider:4 | Noticed a ghost moth
 19291 | Spider:4 | HP: 49/143 [Arachne/bolt of poison (4)]
 19296 | Spider:4 | HP: 40/143 [poisoned by Arachne (poison arrow)]
 19301 | Spider:4 | HP: 41/143 [poisoned by Arachne (poison arrow)]
 19306 | Spider:4 | HP: 46/143 [poisoned by Arachne (poison arrow)]
 19311 | Spider:4 | HP: 51/143 [poisoned by Arachne (poison arrow)]
 19316 | Spider:4 | HP: 57/143 [poisoned by Arachne (poison arrow)]
 19530 | Spider:4 | Killed Arachne
 19622 | Spider:4 | Noticed a ghost moth
 19633 | Spider:4 | Killed a ghost moth
 19633 | Spider:4 | Reached skill level 1 in Shields
 19678 | Spider:4 | Received a gift from Trog
 19711 | Spider:4 | HP: 56/144 [poisoned by a wolf spider]
 19714 | Spider:4 | Reached skill level 5 in Shields
 19716 | Spider:4 | HP: 45/144 [poisoned by a wolf spider]
 19721 | Spider:4 | HP: 43/144 [poisoned by a wolf spider]
 19726 | Spider:4 | HP: 42/144 [poisoned by a wolf spider]
 19732 | Spider:4 | HP: 43/144 [poisoned by a wolf spider]
 19737 | Spider:4 | HP: 44/144 [poisoned by a wolf spider]
 19744 | Spider:4 | HP: 48/144 [poisoned by a wolf spider]
 19752 | Spider:4 | HP: 52/144 [poisoned by a wolf spider]
 20071 | Spider:4 | Got a gossamer rune of Zot
 20120 | Spider:4 | Killed a ghost moth
 20289 | Shoals:1 | Entered Level 1 of the Shoals
 20659 | Shoals:1 | HP: 53/144 [merfolk javelineer/spear of flaming (12)]
 20662 | Shoals:1 | HP: 17/144 [wind drake/the air (14)]
 20674 | Shoals:1 | HP: 57/144 [faun/sling bullet (4)]
 20679 | Shoals:1 | HP: 38/144 [merfolk/trident (2)]
 20681 | Shoals:1 | HP: 16/144 [faun/sling bullet (14)]
 20802 | Shoals:1 | Reached XP level 16. HP: 122/151 MP: 15/15
 20991 | Shoals:3 | HP: 60/151 [merfolk/trident (5)]
 21236 | Shoals:3 | Reached skill level 10 in Shields
 21236 | Shoals:3 | HP: 54/151 [alligator snapping turtle (24)]
 21241 | Shoals:3 | HP: 37/151 [wind drake/the air (20)]
 21245 | Shoals:3 | HP: 14/151 [manticore (6)]
 21249 | Shoals:2 | Noticed Jorgrun
 21249 | Shoals:2 | Noticed Louise
 21259 | Shoals:2 | HP: 42/226 [sea snake (1)]
 21264 | Shoals:2 | HP: 41/226 [poisoned by Louise]
 21269 | Shoals:2 | HP: 23/226 [poisoned by Louise]
 21270 | Shoals:2 | HP: 8/226 [manticore/volley of spikes (9)]
 21272 | Shoals:2 | Killed from afar by a wind drake

Vault maps used:
D:1:      elethiomel_arrival_shortcut, minmay_split_cup_large
D:2:      first_ration, nicolae_tso_swordbearing_angel
D:4:      elyvilon_altar_4, marbit_many_paths, minmay_temple_entry_glassed_door,
          uniq_menkaure
D:5:      overflow_temple_1_default, uniq_grinder
D:6:      kiku_gazebo_pond_becter, minitemple, kennysheep_mini,
          uniq_blork_the_orc
D:7:      gammafunk_beogh_shrine, minivault_22
D:8:      fedhas_altar_decomposition
D:9:      lair_entry_dummy, serial_shops, shop, special_room
D:10:     grunt_livestock, kennysheep_nondescript
D:11:     orc_0_dummy
D:12:     serial_shops, shop, uniq_snorg, uniq_maurice
D:13:     basic_altar, uniq_sonja, uniq_rupert
D:14:     david_vaults_1
D:15:     grunt_enter_depths_snipers, kennysheep_pointless_box,
          minmay_guarded_unrand_variability
Temple:   minmay_temple_bridge_abc
Lair:1:   basic_altar
Lair:2:   grunt_forest_stairs_clearing, grunt_megastairs_4, uniq_harold
Lair:3:   spider_nest_entry_a, minmay_holes, infiniplex_staircase_pool
Lair:4:   elwin_shoals_entry_rooms, basic_altar, minivault_29
Lair:5:   nicolae_slime_entry_slimehenge, gammafunk_lair_bear_cave,
          lemuel_fruit_fields
Lair:6:   evil_forest, st_stairs_12
Shoals:1: uniq_josephine
Shoals:2: uniq_jorgrun, uniq_louise
Spider:3: spider_trap
Spider:4: grunt_spider_rune_parallel, uniq_roxanne, uniq_arachne

Skill      XL: |  1  2  3  4  5  6  7  8  9 10 11 12 13 14 15 16 |
---------------+-------------------------------------------------+-----
Axes           | 4 5 6 7 8 9 11 13 15 16 17 18 | 18.0
Fighting       | 4 5 6 7 8 10 11 12 13 14 15 16 | 16.2
Armour         | 3 7 10 12 14 15 | 15.6
Dodging        | 7 9 11 13 14 | 14.3
Shields        | 8 10 | 10.2

Action                   |  1- 3 |  4- 6 |  7- 9 | 10-12 | 13-15 | 16-18 || total
-------------------------+-------+-------+-------+-------+-------+-------++-------
Melee: Hand axe          |    70 |   116 |   225 |       |       |       ||   411
       Headbutt          |    11 |    22 |    37 |   102 |   231 |    12 ||   415
       War axe           |       |       |    29 |   424 |   963 |       ||  1416
       Broad axe         |       |       |       |       |    34 |    67 ||   101
Invok: Berserk           |     1 |     3 |     5 |    11 |    23 |     2 ||    45
       Trog's Hand       |       |       |     2 |     3 |     9 |     2 ||    16
       Brothers in Arms  |       |       |       |     4 |    11 |     3 ||    18
Evoke: Wand              |       |       |       |       |     9 |     4 ||    13
       Lamp of fire      |       |       |       |       |     1 |       ||     1
  Use: Scroll            |     1 |     1 |     5 |     8 |    19 |     4 ||    38
       Potion            |       |       |     1 |       |    14 |     2 ||    17
 Stab: Distracted        |       |       |       |       |     2 |     1 ||     3
       Paralysed         |       |       |       |       |    10 |       ||    10
  Eat: Chunk             |       |     6 |    12 |    15 |    35 |       ||    68
       Ration            |       |     1 |     4 |     5 |     8 |     1 ||    19
Armor: Ring mail         |    23 |    51 |    37 |    49 |       |       ||   160
       Plate armour      |       |       |    57 |     8 |   504 |    53 ||   622
       Chain mail        |       |       |       |   124 |   251 |       ||   375
Dodge: Dodged            |    52 |    92 |   120 |   230 |   692 |    44 ||  1230
Block: Large shield      |       |       |       |       |   218 |   100 ||   318

Table legend:
 A = Spawn XP
 B = Non-spawn XP
 C = Spawn XP percentage of total XP
 D = Spawn monster count
 E = Non-spawn monster count
 F = Spawn count percentage of total count
 G = Total turns spent on level
                    A         B        C        D         E        F      G
               +---------+---------+-------+---------+---------+-------+---------
         Total |       0 |  161215 |   0.0 |       0 |     743 |   0.0 | 21272
               +---------+---------+-------+---------+---------+-------+---------
           D:1 |       0 |      16 |   0.0 |       0 |      10 |   0.0 |   160
           D:2 |       0 |      73 |   0.0 |       0 |      24 |   0.0 |   573
           D:3 |       0 |      70 |   0.0 |       0 |      21 |   0.0 |   611
           D:4 |       0 |     545 |   0.0 |       0 |      31 |   0.0 |   705
           D:5 |       0 |     737 |   0.0 |       0 |      18 |   0.0 |  1076
           D:6 |       0 |     780 |   0.0 |       0 |      21 |   0.0 |   758
           D:7 |       0 |    1979 |   0.0 |       0 |      25 |   0.0 |  1013
           D:8 |       0 |    1645 |   0.0 |       0 |      31 |   0.0 |  1092
           D:9 |       0 |    4804 |   0.0 |       0 |      51 |   0.0 |  1467
          D:10 |       0 |    3115 |   0.0 |       0 |      34 |   0.0 |   863
          D:11 |       0 |     914 |   0.0 |       0 |      12 |   0.0 |   134
          D:12 |       0 |     502 |   0.0 |       0 |       7 |   0.0 |   178
          D:13 |       0 |   11629 |   0.0 |       0 |      38 |   0.0 |   767
          D:14 |       0 |    9009 |   0.0 |       0 |      31 |   0.0 |   609
          D:15 |       0 |    9642 |   0.0 |       0 |      19 |   0.0 |   807
        Temple |       0 |      13 |   0.0 |       0 |       1 |   0.0 |   341
        Lair:1 |       0 |    5235 |   0.0 |       0 |      15 |   0.0 |  1221
        Lair:2 |       0 |    5942 |   0.0 |       0 |      26 |   0.0 |  1205
        Lair:3 |       0 |    2696 |   0.0 |       0 |       8 |   0.0 |   814
        Lair:4 |       0 |   14503 |   0.0 |       0 |      66 |   0.0 |  1743
        Lair:5 |       0 |    7722 |   0.0 |       0 |      33 |   0.0 |  1382
        Lair:6 |       0 |    4570 |   0.0 |       0 |      22 |   0.0 |   255
      Shoals:1 |       0 |    7608 |   0.0 |       0 |      21 |   0.0 |   197
      Shoals:2 |       0 |    1385 |   0.0 |       0 |       3 |   0.0 |    33
      Shoals:3 |       0 |    6537 |   0.0 |       0 |      17 |   0.0 |   415
      Spider:1 |       0 |    8817 |   0.0 |       0 |      22 |   0.0 |   565
      Spider:2 |       0 |    2833 |   0.0 |       0 |      10 |   0.0 |   435
      Spider:3 |       0 |    3260 |   0.0 |       0 |       6 |   0.0 |   159
      Spider:4 |       0 |   44634 |   0.0 |       0 |     120 |   0.0 |  1694
               +---------+---------+-------+---------+---------+-------+---------
